 Dungeon Sprint DCSS version 0.31-a0-868-g674d60d6f7 (webtiles) character file.

Game seed: 13326001801916670348

20881 rocky1 the Fencer (level 13, -13/112 HPs)
             Began as a Djinni Gladiator on Oct 12, 2023.
             Was an Initiate of Gozag.
             Mangled by a deep elf blademaster
             ... wielding a +0 rapier of speed
              (18 damage)
             ... in the Dungeon (Sprint II: "The Violet Keep of Menkaure").
             The game lasted 00:17:06 (3693 turns).

rocky1 the Fencer (Djinni Gladiator)                Turns: 3693, Time: 00:17:07

Health: -13/112    AC: 16    Str: 21    XL:     13   Next: 15%
Gold:   2518       EV: 26    Int: 11    God:    Gozag SH:  0 Dex: 30

rFire   + . .        f - +2 long sword "Jidamim" {heavy, rC+ Dex+2 SInv}
rCold   + . .        (no shield)
rNeg    . . .        u - +0 ring mail of Ykaa {rCorr Str+3 Dex+3 Stlth-}
rPois   ∞            G - +2 helmet of Valiance {Regen+}
rElec   .            k - +2 cloak {Will+}
rCorr   +            v - +1 pair of gloves "Qavih" {Contam Str+5 SInv Stlth+}
SInv    +            (boots unavailable)
Will    ++...        y - amulet "Coocech" {rPois Regen+ rCorr Stlth+}
Stlth   +++++        z - ring of ice
HPRegen 1.98/turn    b - +6 ring of dexterity
MPRegen 0.00/turn

%: no teleportation, infuse magic (-14 HP)
@: gold aura, flying
A: sickness immunity, fire resistance 2, cold vulnerability 1, float, innate
caster, HP casting, extra vitality 1
a: Renounce Religion, Potion Petition, Call Merchant, Bribe Branch


You were in the Dungeon.
You worshipped Gozag.
Gozag was most pleased with you.
You visited 1 branch You collected 8428 gold pieces.
You spent 3539 gold pieces at shops.
You paid 2371 gold pieces to Gozag.

Inventory:

Hand Weapons
 f - the +2 long sword "Jidamim" (weapon) {heavy, rC+ Dex+2 SInv}
   (You bought it in a shop in the Dungeon)

   Dex+2:     It affects your dexterity (+2).
   rC+:       It protects you from cold.
   SInv:      It lets you see invisible.
 D - the +2 great sword "Icryik" {heavy, Drain rF+ rC+}
   (You found it in the Dungeon)

   rF+:       It protects you from fire.
   rC+:       It protects you from cold.
   Drain:     It drains your maximum health when unequipped.
Missiles
 d - 3 throwing nets (quivered)
 e - a javelin
Armour
 c - a +0 helmet
 k - a +2 cloak of willpower (worn)
 u - the +0 ring mail of Ykaa (worn) {rCorr Str+3 Dex+3 Stlth-}
   (You found it in the Dungeon)

   Str+3:     It affects your strength (+3).
   Dex+3:     It affects your dexterity (+3).
   rCorr:     It protects you from acid and corrosion.
   Stlth-:    It makes you less stealthy.
 v - the +1 pair of gloves "Qavih" (worn) {Contam Str+5 SInv Stlth+}
   (You took it off Nikola in the Dungeon)

   Str+5:     It affects your strength (+5).
   SInv:      It lets you see invisible.
   Contam:    It causes magical contamination when unequipped.
   Stlth+:    It makes you more stealthy.
 F - the +5 scale mail of Arergheew {Int+4}
   (You found it in the Dungeon)

   Int+4:     It affects your intelligence (+4).
 G - the +2 helmet of Valiance (worn) {Regen+}
   (You found it in the Dungeon)

   Regen+:    It increases your rate of health regeneration.
Jewellery
 b - a +6 ring of dexterity (right hand)
 n - the amulet of Disaster {RegenMP Rampage rF+ rCorr}
   (You bought it in a shop in the Dungeon)

   [amulet of magic regeneration]

   RegenMP:   It increases your rate of magic regeneration.
   rF+:       It protects you from fire.
   rCorr:     It protects you from acid and corrosion.
   Rampage:   It bestows one free step when moving towards enemies.
 o - a +5 ring of evasion
 p - a ring of wizardry
 y - the amulet "Coocech" (around neck) {rPois Regen+ rCorr Stlth+}
   (You bought it in a shop in the Dungeon)

   [amulet of regeneration]

   rPois:     It protects you from poison Regen+: It increases your rate of
   health regeneration.
   rCorr:     It protects you from acid and corrosion.
   Stlth+:    It makes you more stealthy.
 z - a ring of ice (left hand)
 A - a +4 ring of protection
 C - a ring of resist corrosion
Talismans
 x - a granite talisman
Wands
 a - a wand of paralysis (8)
 q - a wand of acid (7)
Scrolls
 h - 2 scrolls of identify
 j - 2 scrolls of blinking
 t - a scroll of torment {unknown}
 w - 4 scrolls of acquirement {unknown}
Potions
 g - a potion of might
 l - a potion of curing
 m - 4 potions of mutation
 r - a potion of degeneration {unknown}
 s - a potion of brilliance {unknown}
 B - 3 potions of enlightenment {unknown}
Miscellaneous
 i - a sack of spiders
 E - a phial of floods


   Skills:
 * Level 17.4 Fighting
 * Level 19.0 Long Blades
 * Level 6.1 Ranged Weapons
 - Level 2.5 Throwing
 + Level 8.8 Armour
 + Level 14.5 Dodging
 - Level 7.5 Stealth


You knew the following spells:

 Your Spells              Type           Power      Damage    Failure   Level
a - Apportation           Tloc           0%         N/A       47%         1
b - Scorch                Fire           0%         2d5       63%         2
c - Volatile Blastmotes   Fire/Tloc      0%         2d10      85%         3
d - Animate Armour        Summ/Erth      0%         N/A       99%         4
e - Metabolic Englaciati  Hex/Ice        0%         N/A       100%        5
f - Arcjolt               Conj/Air       0%         1d10      100%        5
Your spell library was empty.


Dungeon Overview and Level Annotations

Branches:
Dungeon (1/1)

Altars:
Cheibriados
Dithmenos
Elyvilon
Fedhas
Gozag
Hepliaklqana
Makhleb
Nemelex Xobeh
Okawaru
Qazlal
Ru
Trog
Uskayaw
Wu Jian
Xom
Yredelemnul
Zin
The Shining One
Jiyva
Lugonu

Shops:
D !!:([:(=[[(!?(?==(:

Annotations:
D Lernaean hydra


Innate Abilities, Weirdness & Mutations

You are immune to sickness and miasma.
You are immune to poison.
Your flesh is very heat resistant. (rF++)
You are vulnerable to cold. (rC-)
You float through the air rather than walking.
You learn spells naturally, not from books.
Your magical power is your life essence.
You have superior vitality. (+4 MHP)


Message History

The eye of devastation gazes at you. The bolt of energy misses you.
You carve the eye of devastation like a ham!!!
You kill the eye of devastation!
The deep elf blademaster hits you with a +0 rapier of speed!
The deep elf blademaster misses you.
The deep elf blademaster hits you with a +0 rapier of speed! x2
You slash the deep elf blademaster!
The deep elf blademaster is lightly wounded.
The deep elf blademaster hits you with a +0 rapier of speed.
The deep elf blademaster completely misses you.
The deep elf blademaster closely misses you.
The deep elf blademaster barely misses you.
You slash the deep elf blademaster!
The deep elf blademaster is moderately wounded.
The deep elf blademaster misses you.
The deep elf blademaster hits you but does no damage. x2
The deep elf blademaster closely misses you.
The deep elf blademaster misses you.
The deep elf blademaster completely misses you.
You slash the deep elf blademaster!
The deep elf blademaster is heavily wounded.
The deep elf blademaster completely misses you.
The deep elf blademaster misses you.
The deep elf blademaster hits you but does no damage.
The deep elf blademaster closely misses you.
You closely miss the deep elf blademaster.
The deep elf blademaster is heavily wounded.
The deep elf blademaster hits you with a +0 rapier of speed! x2
The deep elf blademaster hits you with a +0 rapier of speed!!
* * * LOW HITPOINT WARNING * * *
The deep elf blademaster barely misses you.
The deep elf blademaster hits you with a +0 rapier of speed!
* * * LOW HITPOINT WARNING * * *
The deep elf blademaster barely misses you.
The deep elf blademaster hits you with a +0 rapier of speed!!
* * * LOW HITPOINT WARNING * * *
The deep elf blademaster hits you with a +0 rapier of speed!!
You die...
Your body crumbles into a pile of gold.

$![?$[?▓▓,,,*,*,+≈..≈+,*
?=[%!$$▓▓,,,*,*,+≈..§+,*
$$%$![=▓▓,⌠,▓,*,*≈..≈▓,*
$$($?([▓▓,,,▓^*,*≈..§▓,*
▓▓▓▓▓+▓▓▓▓+▓▓§▓▓▓§..≈▓**
~~~~~...≈≈≈▓§$§§§§[)#*
###'###.≈≈≈▓§§§§§§[#*
..#§§~##~≈≈▓§§§e§!#*
_.#§~≈≈####▓▓▓▓▓@##
._#~~§~§##..#..▓~#
_.#~~§≈§≈#..#..▓~#
..#~~~~~≈§§.'..▓~#
..#~~~§≈~#..#..▓~#
..#~~≈§≈≈▓..#..▓~#
..#~≈≈§▓▓▓▓▓▓▓▓▓~#
###~≈≈≈▓...≈≈≈≈~~#
~~~≈≈≈≈▓...≈≈≈≈~~#


You could see a deep elf blademaster.

Vanquished Creatures
  Nikola (D)
  2 sphinxes (D)
  Gastronok (D)
  Roxanne (D)
  Nessos (D)
  A dire elephant (D)
  A death yak (D)
  2 hell hogs (D)
  2 deep trolls (D)
  3 sixfirhies (D)
  An obsidian statue (D)
  A harpy (D)
  3 orc sorcerers (D)
  An oklob plant (D)
  2 toenail golems (D)
  An eye of devastation (D)
  A yaktaur (D)
  A hornet (D)
  3 polar bears (D)
  A blink frog (D)
  18 flying skulls (D)
  5 wyverns (D)
  Menkaure (D)
  4 water moccasins (D)
  4 scorpions (D)
  4 necrophages (D)
  4 lava snakes (D)
  A jelly (D)
  3 worms (D)
74 creatures vanquished.

Vanquished Creatures (others)
  8 tentacles (D)
8 creatures vanquished.

Grand Total: 82 creatures vanquished

Notes
Turn   | Place    | Note
-------+----------+-------------------------------------------
     0 | D        | rocky1 the Djinni Gladiator began the quest for the Orb.
     0 | D        | Reached XP level 1. HP: 18/18 MP: 0/0
     1 | D        | Noticed a necrophage
     1 | D        | Noticed a necrophage
     1 | D        | Noticed a necrophage
     1 | D        | Noticed a necrophage
     6 | D        | Killed a necrophage
     7 | D        | Reached skill level 5 in Long Blades
     7 | D        | Reached skill level 5 in Dodging
     7 | D        | Reached XP level 2. HP: 25/25 MP: 0/0
     7 | D        | Reached XP level 3. HP: 30/30 MP: 0/0
     7 | D        | Learned a level 1 spell: Apportation
     7 | D        | Reached XP level 4. HP: 35/35 MP: 0/0
    11 | D        | Killed a necrophage
    12 | D        | Reached skill level 6 in Long Blades
    12 | D        | Reached XP level 5. HP: 41/41 MP: 0/0
    12 | D        | Learned a level 2 spell: Scorch
    15 | D        | Reached skill level 8 in Long Blades
    19 | D        | Reached skill level 5 in Fighting
    19 | D        | Reached XP level 6. HP: 49/49 MP: 0/0
    45 | D        | Found a glowing silver altar of Zin.
    46 | D        | Found a glowing golden altar of the Shining One.
    46 | D        | Found a basalt altar of Yredelemnul.
    46 | D        | Found a hide-covered altar of Uskayaw.
    47 | D        | Found a shimmering altar of Xom.
    47 | D        | Found a bloodstained altar of Trog.
    48 | D        | Found an ornate altar of the Wu Jian Council.
    48 | D        | Found a corrupted altar of Lugonu.
    48 | D        | Found a burning altar of Makhleb.
    49 | D        | Found a sacrificial altar of Ru.
    49 | D        | Found a white marble altar of Elyvilon.
    50 | D        | Found a stormy altar of Qazlal.
    50 | D        | Found a viscous altar of Jiyva.
    50 | D        | Found a shadowy altar of Dithmenos.
    51 | D        | Found a hazy altar of Hepliaklqana.
    51 | D        | Found a snail-covered altar of Cheibriados.
    53 | D        | Found a sparkling altar of Nemelex Xobeh.
    53 | D        | Found a blossoming altar of Fedhas.
    54 | D        | Found an opulent altar of Gozag.
    54 | D        | Found an iron altar of Okawaru.
    57 | D        | Noticed a flying skull
    58 | D        | Noticed a flying skull
    58 | D        | Noticed a flying skull
    59 | D        | Noticed a flying skull
    59 | D        | Noticed a flying skull
    60 | D        | Noticed a flying skull
    61 | D        | Noticed a flying skull
    62 | D        | Noticed a flying skull
    63 | D        | Became a worshipper of Gozag Ym Sagoz the Greedy
    63 | D        | Noticed a flying skull
    64 | D        | Noticed a flying skull
    89 | D        | Noticed a flying skull
    91 | D        | Noticed a flying skull
   120 | D        | Found Wapyu's Magic Scroll Shop.
   120 | D        | Found Meowaef's Magic Scroll Shop.
   122 | D        | Found Koilolut's Distillery.
   123 | D        | Found Hoantoto's Antique Armour Boutique.
   123 | D        | Found Unieloc's Jewellery Shop.
   123 | D        | Found Ehyil's Antique Armour Shop.
   125 | D        | Found Lemmiemo's Antique Weapon Shop.
   125 | D        | Found Sorong's Antique Weapon Boutique.
   125 | D        | Found Zerghyse's Book Boutique.
   126 | D        | Found Fiprips's Jewellery Boutique.
   126 | D        | Noticed a death yak
   126 | D        | Noticed a water moccasin
   138 | D        | Killed a water moccasin
   139 | D        | Reached skill level 9 in Long Blades
   139 | D        | Reached skill level 1 in Armour
   141 | D        | Noticed a wyvern
   141 | D        | Noticed a wyvern
   156 | D        | Killed a wyvern
   157 | D        | Reached skill level 10 in Long Blades
   157 | D        | Reached XP level 7. HP: 20/56 MP: 0/0
   157 | D        | Learned a level 3 spell: Volatile Blastmotes
   170 | D        | HP: 2/56 [wyvern (17)]
   174 | D        | Killed a wyvern
   175 | D        | Reached skill level 11 in Long Blades
   179 | D        | Found Jegrui Wato's Antique Armour Boutique.
   179 | D        | Found Iteodghu's Antique Weapon Shop.
   179 | D        | Noticed Menkaure
   179 | D        | Noticed an oklob plant
   180 | D        | Found Roroy's Distillery.
   180 | D        | Found Xoba's Book Shoppe.
   180 | D        | Found Jolich's Distillery.
   182 | D        | Noticed a wyvern
   182 | D        | Noticed a wyvern
   182 | D        | Noticed a wyvern
   187 | D        | Bought a potion of heal wounds for 50 gold pieces
   187 | D        | Bought 2 potions of might for 80 gold pieces
   187 | D        | Bought a potion of berserk rage for 50 gold pieces
   187 | D        | Bought a potion of invisibility for 80 gold pieces
   187 | D        | Bought 2 potions of curing for 60 gold pieces
   187 | D        | Bought a potion of mutation for 80 gold pieces
   193 | D        | Killed Menkaure
   194 | D        | Reached XP level 8. HP: 62/62 MP: 0/0
   267 | D        | Noticed a hell hog
   267 | D        | Noticed a hell hog
   274 | D        | Bought a steaming long sword for 204 gold pieces
   274 | D        | Identified the +2 long sword "Jidamim" {heavy, rC+ Dex+2
                  | SInv} (You bought it in a shop in the Dungeon)
   400 | D        | Reached skill level 12 in Long Blades
   474 | D        | Noticed a yaktaur
   474 | D        | Noticed a hornet
   474 | D        | Noticed a polar bear
   474 | D        | Noticed a polar bear
   481 | D        | Killed a polar bear
   481 | D        | Noticed a polar bear
   482 | D        | Reached skill level 13 in Long Blades
   491 | D        | Killed a polar bear
   492 | D        | Reached skill level 1 in Stealth
   492 | D        | Reached XP level 9. HP: 22/70 MP: 0/0
   492 | D        | Learned a level 4 spell: Animate Armour
   500 | D        | Killed a hornet
   512 | D        | Killed a polar bear
   513 | D        | Reached skill level 14 in Long Blades
   514 | D        | Killed a yaktaur
   515 | D        | Reached skill level 10 in Dodging
   739 | D        | Noticed a blink frog
   741 | D        | Killed a blink frog
   961 | D        | Bought a scroll of blinking for 90 gold pieces
   961 | D        | Bought a scroll of identify for 24 gold pieces
   961 | D        | Bought a scroll of revelation for 90 gold pieces
   962 | D        | Noticed a golden dragon
   962 | D        | Noticed a storm dragon
   962 | D        | Noticed a cacodemon
   962 | D        | Noticed a kobold demonologist
   962 | D        | Noticed a yaktaur captain
   962 | D        | Noticed a skeletal warrior
   974 | D        | Bought a potion of curing for 33 gold pieces
   974 | D        | Bought a potion of heal wounds for 55 gold pieces
   974 | D        | Bought a potion of heal wounds for 55 gold pieces
   994 | D        | Bought the amulet of Disaster {RegenMP Rampage rF+ rCorr}
                  | for 644 gold pieces
  1003 | D        | Bought a +5 ring of evasion for 504 gold pieces
  1016 | D        | Bought a potion of heal wounds for 60 gold pieces
  1016 | D        | Bought a potion of curing for 36 gold pieces
  1049 | D        | Noticed Roxanne
  1051 | D        | Identified the +1 pair of gloves "Qavih" {Contam Str+5 SInv
                  | Stlth+}
  1051 | D        | Noticed Nikola
  1070 | D        | Killed Roxanne
  1071 | D        | Reached skill level 10 in Fighting
  1071 | D        | Reached skill level 15 in Long Blades
  1071 | D        | Reached skill level 5 in Armour
  1071 | D        | Reached XP level 10. HP: 43/81 MP: 0/0
  1077 | D        | Noticed a toenail golem
  1077 | D        | Noticed a toenail golem
  1079 | D        | Noticed the 27-headed Lernaean hydra
  1190 | D        | Killed a hell hog
  1195 | D        | Killed a hell hog
  1196 | D        | Reached skill level 16 in Long Blades
  1306 | D        | Killed a death yak
  1314 | D        | Reached XP level 11. HP: 6/89 MP: 0/0
  1314 | D        | Learned a level 5 spell: Metabolic Englaciation
  1743 | D        | Killed an oklob plant
  1744 | D        | Reached skill level 5 in Stealth
  1782 | D        | HP: 2/89 [Nikola/arc of chain lightning (22)]
  1795 | D        | Killed Nikola
  1796 | D        | Reached skill level 17 in Long Blades
  2065 | D        | Killed a toenail golem
  2070 | D        | Killed a toenail golem
  2126 | D        | Bought a scorched plate armour for 560 gold pieces
  2126 | D        | Identified the +6 plate armour "Vaecif Jerac" {Dex+5 Slay-5
                  | Stlth+} (You bought it in a shop in the Dungeon)
  2126 | D        | Bought a pair of gloves for 90 gold pieces
  2205 | D        | Noticed a kraken
  2240 | D        | Noticed a deep troll
  2240 | D        | Noticed a deep troll
  2251 | D        | Killed a deep troll
  2252 | D        | Reached skill level 1 in Ranged Weapons
  2259 | D        | Killed a deep troll
  2510 | D        | Noticed a sphinx
  2510 | D        | Noticed a sphinx
  2521 | D        | Killed a sphinx
  2524 | D        | Killed a sphinx
  2525 | D        | Reached XP level 12. HP: 48/101 MP: 0/0
  2695 | D        | Reached skill level 18 in Long Blades
  2703 | D        | Reached skill level 15 in Fighting
  2739 | D        | Noticed a sixfirhy
  2742 | D        | Noticed a sixfirhy
  2745 | D        | Noticed a sixfirhy
  2752 | D        | Found Liacoc's Book Shoppe.
  2753 | D        | Found Ruohe's Antique Weapon Boutique.
  2784 | D        | Found Buom's Weapon Emporium.
  2785 | D        | Found Caokken's Jewellery Boutique.
  2788 | D        | Noticed Nessos
  2791 | D        | Identified the +0 ring mail of Ykaa {rCorr Str+3 Dex+3
                  | Stlth-}
  2818 | D        | Killed Nessos
  2852 | D        | Bought the amulet "Coocech" {rPois Regen+ rCorr Stlth+} for
                  | 694 gold pieces
  3000 | D        | Killed a sixfirhy
  3006 | D        | Killed a sixfirhy
  3012 | D        | Killed a sixfirhy
  3302 | D        | Noticed Gastronok
  3309 | D        | Killed Gastronok
  3310 | D        | Reached skill level 5 in Ranged Weapons
  3320 | D        | Noticed a dire elephant
  3327 | D        | Noticed a soul eater
  3327 | D        | Killed a dire elephant
  3339 | D        | Noticed a sun demon
  3404 | D        | Identified the +5 scale mail of Arergheew {Int+4}
  3407 | D        | Identified the +4 glaive of Nypuid {pain, rC+}
  3408 | D        | Identified the +10 morningstar of Karma {speed, rF+ Stlth+}
  3417 | D        | Identified the +4 short sword of Raynetz {freeze, rPois rF+
                  | Int-3 Dex+3}
  3421 | D        | Identified the +2 great sword "Icryik" {heavy, Drain rF+
                  | rC+}
  3425 | D        | Identified the +4 falchion of Hotuzxec {flame, *Rage Int+5
                  | Dex+4}
  3437 | D        | Identified the +2 helmet of Valiance {Regen+}
  3477 | D        | Identified the +5 battleaxe of Accidental Termination
                  | {heavy, rC+}
  3528 | D        | Reached XP level 13. HP: 89/106 MP: 0/0
  3528 | D        | Learned a level 5 spell: Arcjolt
  3683 | D        | Noticed a deep elf blademaster
  3687 | D        | Reached skill level 19 in Long Blades
  3693 | D        | HP: 5/112 [deep elf blademaster/+0 rapier of speed (19)]
  3693 | D        | Mangled by a deep elf blademaster

Illustrated notes

Levels and vault maps discovered:
D:        the_violet_keep_of_menkaure [sprint2_stairs_cluster_1,
          sprint2_shoproom, sprint2_temple, sprint2_basic_supplies,
          sprint2_obstacle_5, sprint2_obstacle_1, sprint2_obstacle_7,
          sprint2_obstacle_6, sprint2_obstacle_3, sprint2_timed_cluster_1,
          sprint2_smallroom_cluster_1, sprint2_smallroom_final_cluster_1,
          sprint2_transparent_cluster_1, sprint2_second_timed_cluster_1,
          sprint2_sniper_area_1, sprint2_heavy_combat_area_1,
          sprint2_mutation_trap_area_1, sprint2_forest_area_1,
          sprint2_light_combat_area_1, sprint2_behind_water_1,
          sprint2_near_end_vault_1]

Skill      XL: |  1  2  3  4  5  6  7  8  9 10 11 12 13 |
---------------+----------------------------------------+-----
Fighting       | 3 4 5 6 8 10 11 14 17 | 17.4
Long Blades    | 5 6 8 10 11 13 15 16 17 18 19 | 19.0
Throwing       | 2 |  2.5
Dodging        | 5 6 7 8 9 10 11 12 14 | 14.5
Armour         | 1 2 3 5 6 8 |  8.8
Stealth        | 1 3 4 6 7 |  7.5
Ranged Weapons | 3 5 6 |  6.1

Action                     |  1- 3 |  4- 6 |  7- 9 | 10-12 | 13-15 || total
---------------------------+-------+-------+-------+-------+-------++-------
  Melee: Long sword        |     4 |    35 |   105 |   183 |    20 ||   347
         Punch             |       |       |     3 |     4 |       ||     7
 Invoke: Potion Petition   |       |       |     1 |     5 |       ||     6
    Use: Potion            |     1 |     1 |     7 |     5 |       ||    14
         Scroll            |       |       |     1 |       |       ||     1
   Stab: Invisible         |       |       |     3 |       |       ||     3
         Sleeping          |       |       |     1 |     6 |     1 ||     8
 Armour: Leather armour    |       |    11 |    42 |    99 |       ||   152
         Skin              |       |       |       |    26 |       ||    26
         Ring mail         |       |       |       |    18 |    22 ||    40
  Dodge: Dodged            |     2 |    16 |    72 |   217 |    33 ||   340

Table legend: (Time is in decaauts)
 A = Elapsed time spent in this place.
 B = Non-inter-level travel time spent in this place.
 C = Inter-level travel time spent in this place.
 D = Time resting spent in this place.
 E = Time spent auto-exploring this place.
 F = Levels seen in this place.
 G = Mean time per level.
                   A        B        C        D        E       F      G
               +--------+--------+--------+--------+--------+-----+--------+
         Total |   3644 |   3640 |      4 |   2222 |      0 |   1 | 3644.0 |
       Dungeon |   3644 |   3640 |      4 |   2222 |      0 |   1 | 3644.0 |
               +--------+--------+--------+--------+--------+-----+--------+

Top non-repeatable levels by time:
       D: 3644 daAuts
